 Dungeon Crawl Stone Soup version 0.28-a0-1520-gc3277d3759 (webtiles) character file.

Game seed: 17761596108688084357

35 sanka the Insei (level 3, 0/28 HPs)
             Began as a Gnoll Transmuter on Jan 17, 2022.
             Succumbed to an adder's poison
             ... on level 2 of the Dungeon.
             The game lasted 00:02:56 (1367 turns).

sanka the Insei (Gnoll Transmuter)                  Turns: 1367, Time: 00:02:57

Health: 0/28       AC:  2    Str:  9    XL:     3   Next: 33%
Magic:  9/9        EV: 13    Int: 14    God:
Gold:   33         SH:  0    Dex: 12    Spells: 7/12 levels left

rFire   . . .      SeeInvis .     - Unarmed
rCold   . . .      Faith    .   (no shield)
rNeg    . . .      Spirit   .   a - +0 robe
rPois   .          Reflect  .   (no helmet)
rElec   .          Harm     .   (no cloak)
rCorr   .          Rampage  .   (no gloves)
Will    .....                   (no boots)
Stlth   +.........              (no amulet)
HPRegen 0.09/turn               (no ring)
MPRegen 0.11/turn               (no ring)

@: lethally poisoned (0 -> -2)
A: fangs 1, strong nose, distributed training
a: no special abilities


You were on level 2 of the Dungeon.
You visited 1 branch of the dungeon, and saw 2 of its levels.

You collected 33 gold pieces.


Innate Abilities, Weirdness & Mutations

You have very sharp teeth.
Your uncanny sense of smell can sniff out nearby items.
Your experience applies equally to all skills.


   Skills:
 + Level 2.6 Fighting
 + Level 0.7 Short Blades
 + Level 0.7 Long Blades
 + Level 0.7 Axes
 + Level 0.7 Maces & Flails
 + Level 0.7 Polearms
 + Level 0.7 Staves
 + Level 0.7 Slings
 + Level 0.7 Bows
 + Level 0.7 Crossbows
 + Level 0.7 Throwing
 + Level 0.7 Armour
 + Level 4.5 Dodging
 + Level 0.7 Stealth
 + Level 0.7 Shields
 + Level 6.5 Unarmed Combat
 + Level 5.0 Spellcasting
 + Level 0.5 Conjurations
 + Level 0.5 Hexes
 + Level 0.5 Summonings
 + Level 0.5 Necromancy
 + Level 0.5 Translocations
 + Level 3.7 Transmutations
 + Level 0.5 Fire Magic
 + Level 0.5 Ice Magic
 + Level 0.5 Air Magic
 + Level 0.5 Earth Magic
 + Level 0.5 Poison Magic
 + Level 0.9 Invocations
 + Level 0.7 Evocations


You had 7 spell levels left.
You knew the following spells:

 Your Spells              Type           Power      Damage    Failure   Level
y - Wereblood             Tmut           14%        N/A       5%          2
z - Beastly Appendage     Tmut           28%        N/A       3%          1
N - Passwall              Tmut/Erth      7%         N/A       11%         2

Your spell library contained the following spells:

 Spells                   Type           Power      Damage    Failure   Level
 Spider Form              Tmut/Pois      9%         N/A       22%         3
 Mephitic Cloud           Conj/Pois/Air  4%         N/A       38%         3
 Ice Form                 Ice/Tmut       9%         N/A       58%         4

Inventory:

Missiles
 f - 5 curare-tipped darts {=f}
Armour
 a - a +0 robe (worn)
Magical Staves
 c - a staff of poison
Scrolls
 b - 3 scrolls of identify {unknown}
 d - a scroll of brand weapon {unknown}
 e - a scroll of fear {unknown}
Potions
 g - a potion of magic

Dungeon Overview and Level Annotations

Branches:
Dungeon (2/15)

Altars:

Annotations:
D:2 Sigmund

▒.▒.▒▒▒>▒▒▒▒▒▒▒
▒..............
▒▒▒▒▒▒▒.▒▒▒▒▒▒▒
▒.▒ ▒.▒ ▒.▒ ▒
▒.▒ ▒£▒▒.▒▒▒
▒..g...▒
▒▒▒▒.▒.▒ ▒.▒.▒
▒.▒ ▒ ▒.▒ ▒..
▒▒▒


There were no monsters in sight!


Message History

You feel sick. The adder bites you.
* * * LOW HITPOINT WARNING * * *
You are lethally poisoned!
The adder poisons you!
Unknown command.
You hit the adder.
You kill the adder!
* * * LOW HITPOINT WARNING * * *
You feel sick.
Your Spellcasting skill increases to level 5!
Unknown command.
Unknown command.
Unknown command.
It was a potion of magic.
Magic courses through your body.
* * * LOW HITPOINT WARNING * * *
You feel sick.
* * * LOW HITPOINT WARNING * * *
You feel sick.
* * * LOW HITPOINT WARNING * * *
You feel sick.
* * * LOW HITPOINT WARNING * * *
You feel sick.
Your horns disappear.
Your talons disappear.
* * * LOW HITPOINT WARNING * * *
You feel sick.
Found 14 gold pieces.
You die...

Action                   || total
-------------------------++-------
Melee: Unarmed           ||    54
       Kick              ||    14
       Bite              ||     4
       Headbutt          ||     8
       Punch             ||     2
 Cast: Beastly Appendage ||    18
  Use: Potion            ||     1
Armor: Robe              ||     8
Dodge: Dodged            ||    50

Levels and vault maps discovered:
D:1:      dpeg_arrival_tiny_h, layout_basic, grunt_decor_resistance
D:2:      minmay_skewed_foursquare, layout_loops_ring,
          shapermc_ecumenical_altar_petra, serial_glass, glass_columns_b,
          glass_columns_c, glass_columns_b, glass_columns_a, glass_columns_a,
          glass_columns_b, uniq_robin, uniq_natasha, uniq_sigmund

Notes
Turn   | Place    | Note
-------+----------+-------------------------------------------
     0 | D:1      | sanka the Gnoll Transmuter began the quest for the Orb.
     0 | D:1      | Reached XP level 1. HP: 17/17 MP: 6/6
   143 | D:1      | Got the Reference Book on Contamination and Changing
   620 | D:2      | Noticed Sigmund
   647 | D:2      | Reached XP level 2. HP: 23/23 MP: 5/7
   662 | D:2      | Learned a level 2 spell: Wereblood
   665 | D:2      | Learned a level 2 spell: Passwall
  1104 | D:2      | Found a faded altar of an unknown god.
  1258 | D:2      | Reached XP level 3. HP: 26/28 MP: 7/9
  1362 | D:2      | Reached skill level 5 in Spellcasting
  1365 | D:2      | HP: 2/28 [poisoned by an adder]
  1367 | D:2      | Succumbed to an adder's poison

Vanquished Creatures
  An adder (D:2)
  A worm (D:2)
  2 bats
  2 endoplasms
  A giant cockroach (D:1)
  2 hobgoblins
  5 jackals
  A quokka (D:2)
  4 ball pythons
  A kobold (D:2)
  A rat (D:2)
21 creatures vanquished.
